Map: Alcyone LE

Players

jeannysu - Winner!

  • Race: Zerg Zerg
  • Spawn Location: 1:00

치터 칸 (자원)

  • Race: Terran Terran
  • Spawn Location: 7:00

VOD

Have the link to the VOD?

Description

Time

  • Played on: Sept. 2, 2025, 6 a.m.
  • Length: 14:19
Show
View Real Time Build Order
Export as new Build Order

jeannysu Zerg - Winner!

Build Orders: Hatch First 

Get SALT Encoding   

  12  0:00  Drone  
  13  0:12  Overlord  
  13  0:18  Drone  
  14  0:30  Drone  
  14  0:31  Drone  
  16  0:50  Drone  
  16  0:51  Hatchery  
  16  0:54  Drone  
  17  0:58  Drone  
  18  1:09  Extractor  
  17  1:13  Spawning Pool  
  17  1:15  Drone  
  17  1:19  Drone  
  18  1:28  Drone  
  19  1:41  Drone  
  20  2:00  Queen  
  22  2:02  Zergling x2  
  22  2:03  Zergling x2  
  22  2:04  Queen  
  22  2:05  Drone  
  27  2:19  Drone  
  27  2:21  Hatchery  
  27  2:25  Overlord  
  27  2:37  Overlord x2  
  27  2:44  Metabolic Boost  
  27  2:53  Drone  
  28  3:01  Drone x2  
  30  3:05  Drone  
  30  3:06  Drone x3  
  34  3:14  Drone x3  
  34  3:17  Drone x2  
  34  3:18  Drone  
  40  3:30  Roach Warren  
  39  3:36  Overlord  
  39  3:40  Zergling x2  
  39  3:41  Zergling x6, Extractor  
  42  3:53  Drone x3  
  45  3:57  Zergling x2  
  45  3:58  Zergling x10  
  45  4:01  Queen  
  53  4:07  Queen  
  55  4:23  Roach  
  57  4:24  Overlord x2  
  57  4:27  Lair  
  57  4:29  Drone  
  58  4:42  Baneling Nest, Queen  
  59  4:50  Queen  
  61  4:56  Roach x6  
  73  5:03  Overlord x2  
  73  5:11  Overlord x2  
  73  5:22  Evolution Chamber  
  73  5:26  Evolution Chamber  
  71  5:33  Roach x3  
  71  5:34  Roach x2  
  82  5:35  Drone  
  82  5:36  Drone x2  
  82  5:39  Overlord  
  82  5:40  Extractor  
  83  5:44  Drone  
  83  5:45  Drone x5  
  83  5:47  Overlord  
  89  5:55  Zerg Missile Weapons Level 1  
  89  6:03  Drone x3  
  92  6:05  Drone x3  
  92  6:10  Drone x3  
  98  6:12  Roach  
  98  6:13  Roach  
  102  6:22  Glial Reconstitution  
  102  6:25  Drone x3  
  105  6:28  Drone, Extractor  
  105  6:31  Drone x2  
  105  6:32  Drone x3  
  110  6:33  Overlord x2  
  110  6:35  Overseer  
  110  6:37  Overseer  
  110  6:41  Queen  
  112  6:59  Roach x2  
  112  7:00  Roach x6  
  128  7:01  Overlord x3  
  128  7:18  Roach  
  128  7:19  Zerg Ground Armor Level 1  
  130  7:32  Roach  
  130  7:33  Roach x4  
  130  7:34  Hatchery  
  139  7:48  Roach x2  
  139  7:49  Roach x4  
  139  7:50  Zergling x6  
  154  7:56  Overlord x4  
  154  8:08  Overlord x3  
  148  8:29  Zergling x16  
  151  8:35  Hatchery  
  151  8:38  Zergling x2  
  151  8:42  Ravager  
  151  8:43  Ravager x7  
  159  8:51  Drone x2, Queen, Infestation Pit  
  159  8:53  Extractor  
  159  8:55  Extractor  
  160  8:59  Zergling x2  
  160  9:00  Zergling x6  
  164  9:11  Drone  
  164  9:16  Overseer x3  
  165  9:18  Zergling x2  
  165  9:19  Zergling x14  
  165  9:21  Zergling x2  
  174  9:31  Pneumatized Carapace  
  122  9:57  Zergling x2  
  122  9:58  Zergling x24  
  87  10:07  Zergling x8  
  92  10:18  Roach x7  
  106  10:25  Baneling x7  
  108  10:28  Roach  
  108  10:29  Roach x5  
  117  10:39  Roach x2  
  117  10:40  Roach  
  117  10:41  Zerg Ground Armor Level 2, Zerg Missile Weapons Level 2  
  121  10:47  Roach x4  
  121  10:48  Roach x4  
  135  11:01  Roach  
  135  11:02  Roach x6  
  121  11:26  Roach  
  121  11:27  Roach x11  
  143  11:41  Overseer x4  
  121  11:54  Roach  
  121  11:55  Roach x11  
  121  12:01  Overseer x3  
  141  12:15  Zergling x10  
  141  12:21  Zergling x2  
  145  12:41  Hatchery  
  142  12:49  Overseer x3  
  136  12:56  Zergling x2, Roach  
  136  12:57  Zergling x26  
  140  13:10  Zergling x4  
  140  13:11  Zergling x4  
  143  13:14  Queen  
  144  13:26  Zergling x2  
  143  13:27  Zergling x14  
  150  13:45  Drone  
  150  13:46  Drone x4  
  155  13:53  Drone  
  154  14:15  Extractor x2  
Show
View Real Time Build Order
Export as new Build Order

치터 칸 (자원) Terran 

Build Orders:  

Get SALT Encoding   

  12  0:00  SCV  
  13  0:13  SCV  
  14  0:18  Supply Depot  
  14  0:25  SCV  
  15  0:40  SCV  
  15  0:42  Barracks  
  16  0:52  SCV  
  18  1:04  SCV  
  18  1:16  SCV  
  18  1:17  Supply Depot  
  19  1:20  Refinery  
  19  1:28  Marine, SCV  
  21  1:40  SCV  
  21  1:46  Marine  
  23  1:50  Barracks  
  23  1:52  SCV  
  23  1:53  Refinery  
  24  2:01  Supply Depot  
  24  2:04  Marine, SCV  
  26  2:16  SCV  
  26  2:22  Marine, Factory  
  28  2:28  SCV  
  29  2:37  Marine  
  29  2:40  Marine  
  29  2:41  SCV  
  32  2:53  SCV  
  32  2:55  Marine  
  32  2:57  Marine  
  35  3:02  Barracks  
  35  3:05  SCV  
  36  3:12  Marine  
  36  3:15  Factory Tech Lab  
  36  3:16  Barracks Tech Lab  
  36  3:17  SCV  
  38  3:28  Supply Depot  
  38  3:29  SCV  
  38  3:31  Barracks Tech Lab  
  39  3:49  Stimpack, Marine x2, SCV  
  42  3:56  Combat Shield  
  42  4:01  SCV  
  43  4:13  SCV  
  43  4:16  Supply Depot  
  44  4:25  SCV  
  44  4:30  Supply Depot  
  45  4:37  Marine x3, Siege Tank  
  45  4:38  SCV  
  52  4:50  SCV  
  53  4:53  Supply Depot  
  53  4:54  Engineering Bay  
  53  4:55  Marauder  
  55  5:02  SCV  
  56  5:10  Hellion  
  58  5:14  SCV  
  58  5:15  Marauder  
  58  5:16  Supply Depot  
  58  5:17  Marauder  
  58  5:20  Terran Infantry Weapons Level 1  
  63  5:26  Engineering Bay, SCV  
  63  5:27  Barracks Reactor  
  64  5:31  Hellion  
  64  5:32  Command Center  
  66  5:37  Marauder  
  66  5:38  Marauder  
  70  5:49  Supply Depot  
  70  5:52  Hellion, Terran Infantry Armor Level 1  
  72  5:58  Marauder  
  72  6:00  Marauder  
  76  6:14  Hellion  
  76  6:15  Supply Depot  
  78  6:19  Marauder  
  78  6:21  Marauder  
  78  6:24  Concussive Shells  
  82  6:35  Hellion  
  84  6:40  Supply Depot  
  84  6:41  Marauder  
  84  6:42  Marauder  
  84  6:45  Armory  
  88  6:53  SCV  
  89  6:56  Hellion  
  89  6:57  SCV  
  92  7:05  SCV  
  93  7:09  Armory  
  93  7:11  Orbital Command  
  93  7:18  Hellion  
  93  7:19  Infernal Pre-Igniter  
  93  7:22  Marauder  
  97  7:25  Marauder  
  99  7:33  Terran Vehicle Weapons Level 1  
  99  7:35  Supply Depot  
  99  7:39  Siege Tank  
  99  7:43  Marauder  
  104  7:47  Marauder  
  106  7:54  Refinery, Terran Infantry Weapons Level 2  
  106  7:56  Terran Vehicle And Ship Armor Level 1  
  106  7:59  Supply Depot  
  106  8:02  Missile Turret  
  106  8:05  Marauder  
  108  8:06  Missile Turret  
  108  8:08  Marauder  
  108  8:11  Siege Tank  
  109  8:16  SCV  
  107  8:23  SCV  
  107  8:26  Marauder  
  104  8:28  SCV  
  104  8:30  Marauder  
  107  8:35  SCV  
  108  8:43  Siege Tank  
  108  8:48  Marauder  
  113  8:51  Marauder  
  113  8:53  Supply Depot  
  115  9:06  Barracks  
  115  9:09  Marauder, Starport  
  117  9:12  Marauder  
  117  9:15  Siege Tank  
  122  9:18  Command Center  
  122  9:29  Supply Depot  
  122  9:35  Terran Vehicle Weapons Level 2  
  122  9:39  Marine  
  122  9:41  Marine  
  124  9:48  Hellion, Starport Reactor  
  124  9:51  Refinery, Marine  
  124  9:52  Marine  
  111  9:53  Marine  
  111  9:56  Marine  
  111  9:59  Marine  
  99  10:01  Missile Turret  
  99  10:09  Marine, Siege Tank  
  99  10:11  Factory  
  103  10:19  Marine  
  104  10:24  Medivac  
  104  10:25  Missile Turret  
  106  10:32  SCV x3  
  109  10:36  Refinery  
  109  10:37  Terran Infantry Weapons Level 3  
  109  10:41  Refinery, Widow Mine  
  111  10:44  Missile Turret, Orbital Command, SCV  
  111  10:45  SCV  
  111  10:47  Missile Turret  
  111  10:48  Medivac  
  115  10:52  Command Center  
  115  10:54  Widow Mine  
  115  10:56  SCV  
  118  11:00  SCV  
  118  11:02  Siege Tank  
  122  11:07  Marauder  
  122  11:08  SCV  
  122  11:09  Marauder  
  122  11:10  SCV  
  122  11:11  Marine x2  
  104  11:13  Marine  
  104  11:16  Hellion  
  104  11:17  SCV  
  80  11:20  SCV  
  80  11:22  SCV  
  80  11:29  Marauder, Marine x2, SCV  
  80  11:31  Marauder, Marine  
  80  11:32  SCV  
  89  11:34  SCV  
  89  11:35  Widow Mine  
  89  11:37  Hellion  
  94  11:42  SCV  
  94  11:44  Missile Turret, SCV  
  94  11:46  Marine, SCV  
  89  11:47  Marine  
  89  11:49  Marine  
  89  11:50  Medivac  
  89  11:51  Marine  
  89  11:52  Marauder  
  89  11:54  SCV  
  89  11:56  SCV, Siege Tank  
  89  11:58  SCV, Widow Mine  
  88  12:02  Ghost Academy  
  88  12:04  Marine  
  88  12:05  Marine  
  88  12:06  SCV  
  88  12:07  SCV  
  88  12:08  Marauder, Marine, SCV  
  87  12:11  SCV  
  87  12:14  Marauder  
  88  12:18  SCV  
  88  12:19  SCV  
  88  12:20  SCV, Widow Mine  
  88  12:22  Marine  
  87  12:25  Marine  
  87  12:27  Marine  
  87  12:29  Marauder  
  91  12:30  SCV  
  91  12:31  Orbital Command  
  91  12:33  SCV  
  91  12:34  Marine  
  88  12:42  Marine, SCV  
  82  12:45  SCV  
  82  12:48  Marine  
  82  12:50  Marine  
  82  12:51  Marauder  
  75  12:52  Ghost  
  75  12:54  SCV  
  75  12:57  SCV x2  
  73  13:00  Marine  
  63  13:06  Marine  
  63  13:07  Command Center  
  63  13:08  Marine  
  63  13:09  SCV x2  
  63  13:12  Marauder  
  55  13:21  Marauder  
  55  13:26  Marine  
  39  13:29  Marine  
  37  13:37  SCV  
  37  13:41  SCV  
  35  13:43  Marauder  
  35  13:47  Marine  
  32  13:49  SCV  
  31  13:59  SCV  
  31  14:01  SCV  
Tags
 
Matchup
TvZ
Replay Pack
새 폴더
Spawn Locations
Cross Positions
Add a new tag
Caveats
  • Supply blocks, unpowered buildings, or Contaminate may cause inaccurate times.
  • Supply counts are checked every 10 seconds.